 Dungeon Crawl Stone Soup version 0.14.0-18-g0341e45 (webtiles) character file.

7730 Qrupt the Skirmisher (level 10, -3/79 HPs)
             Began as a Demonspawn Transmuter on Apr 19, 2014.
             Was an Initiate of Ashenzari.
             Succumbed to a black mamba's poison
             ... on Level 1 of the Lair of Beasts.
             The game lasted 00:55:23 (12908 turns).

Qrupt the Skirmisher (Demonspawn Transmuter)       Turns: 12908, Time: 00:55:24

HP  -3/79        AC 12     Str 11      XL: 10   Next: 90%
MP  24/25        EV 11     Int 14      God: Ashenzari [......]
Gold 418         SH  0     Dex 17      Spells:  4 memorised, 10 levels left

rFire  + . .     SeeInvis .       - Unarmed
rCold  . . .     Clarity  .     w - +0 leather armour of the Forest {rF+}
rNeg   . . .     Conserve .     (no shield)
rPois  .         rCorr    .     (no helmet)
rElec  .         rRot     .     r - +0 cloak (curse)
SustAb . .       Spirit   .     x - +0 pair of gloves (curse)
rMut   .         Warding  .     v - +0 pair of boots (curse)
Saprov . . .     Stasis   .     (no amulet)
MR     .....                    (no ring)
                                k - ring of flight

@: confused, lethally poisoned, not resistant to hostile enchantments, very
unstealthy
A: talons 2, iridescent scales 2, demonic guardian 1, powered by death 1
a: Renounce Religion, Evoke Flight


You were on level 1 of the Lair of Beasts.
You worshipped Ashenzari.
Ashenzari was noncommittal.
You were hungry.

You visited 3 branches of the dungeon, and saw 10 of its levels.

You collected 516 gold pieces.
You spent 98 gold pieces at shops.

Inventory:

Missiles
 b - 12 arrows
Armour
 c - a +0 robe
 g - a +3 leather armour of poison resistance
 q - a troll hide {Purgy}
 r - a cursed +0 cloak (worn)
 v - a cursed +0 pair of boots (worn)
 w - the cursed +0 leather armour of the Forest (worn) {rF+}
   (You found it on level 7 of the Dungeon)

   It protects you from fire.
   It has a curse placed upon it.
 x - a cursed +0 pair of gloves (worn)
 I - a +0 large shield
Magical devices
 l - a wand of random effects (16) {unknown}
 m - a wand of paralysis (24)
 y - a wand of flame (2)
 G - a wand of digging (8)
Comestibles
 a - 11 bread rations
 f - a chunk of hound flesh
 t - 3 meat rations
Scrolls
 e - 2 scrolls of teleportation
 n - a scroll of enchant weapon I
 p - 3 scrolls of remove curse
 s - 6 scrolls of identify
 E - a scroll of amnesia
 H - a scroll of blinking {unknown}
Jewellery
 k - a ring of flight (left hand)
Potions
 i - a potion of restore abilities {unknown}
 u - a potion of paralysis {unknown}
 z - a potion of poison {unknown}
 A - a potion of agility {unknown}
 B - a potion of cure mutation {unknown}
Books
 d - a book of Changes

   Spells                             Type                      Level
   *Beastly Appendage                 Transmutation                1
   Sticks to Snakes                   Transmutation                2
   *Spider Form                       Transmutation/Poison         3
   *Ice Form                          Ice/Transmutation            4
   *Blade Hands                       Transmutation                5
 j - a book of Ice

   Spells                             Type                      Level
   Freezing Aura                      Charms/Ice                   2
   Metabolic Englaciation             Hexes/Ice                    5
   Ozocubu's Refrigeration            Ice                          6
   Bolt of Cold                       Conjuration/Ice              6
   Freezing Cloud                     Conjuration/Ice/Air          6
   Simulacrum                         Ice/Necromancy               6
 C - a book of Cantrips

   Spells                             Type                      Level
   Confusing Touch                    Hexes                        1
   Animate Skeleton                   Necromancy                   1
   Summon Small Mammal                Summoning                    1
   Apportation                        Translocation                1


   Skills:
 - Level 7.6 Fighting
 - Level 1.7 Dodging
 - Level 7.2 Unarmed Combat
 - Level 7.0 Spellcasting
 - Level 6.7 Transmutations
 + Level 4.5 Ice Magic
 - Level 6.4 Poison Magic


You had 10 spell levels left.
You knew the following spells:

 Your Spells              Type           Power        Failure   Level  Hunger
a - Beastly Appendage     Trmt           ###...       1%          1    None
b - Spider Form           Trmt/Pois      ###.......   3%          3    ###....
c - Ice Form              Ice/Trmt       ###.......   17%         4    ####...
d - Blade Hands           Trmt           ###.......   30%         5    #####..


Dungeon Overview and Level Annotations

Branches:
Dungeon (8/15)             Temple (1/1) D:5            Lair (1/8) D:8

Altars:
Ashenzari
Cheibriados
Dithmenos
Elyvilon
Fedhas
Kikubaaqudgha
Makhleb
Nemelex Xobeh
Okawaru
Sif Muna
Trog
Vehumet
Xom
Yredelemnul
Zin
The Shining One

Shops:
D:5 [   D:6 :   D:8 :

Annotations:
D:4 HungrySpirit's ghost, average MiGl
D:6 exclusion: jelly


Innate Abilities, Weirdness & Mutations

You have razor-sharp toenails.*
You are mostly covered in iridescent scales (AC +6).*
A weak demonic guardian rushes to your aid.
You can steal the life force of nearby defeated enemies.


Message History

* * * LOW HITPOINT WARNING * * *
You are more poisoned.
The black mamba poisons you!
You bite the black mamba!
You kill the black mamba!
* * * LOW HITPOINT WARNING * * *
You feel extremely sick.
* * * LOW HITPOINT WARNING * * *
You feel extremely sick.
Your transformation has ended.
Your cursed +0 cloak unmelds from your body.
Your cursed +0 pair of gloves unmelds from your body.
Your cursed +0 pair of boots unmelds from your body.
The cursed +0 leather armour of the Forest {rF+} unmelds from your body.
* * * LOW HITPOINT WARNING * * *
You feel extremely sick.
Drink which item? (? for menu, Esc to quit)
You are confused.
It was a potion of confusion.
You die...

.#+..# ##.## #....##
#...# # #..... ##.## P
##....# #.# ###?#.....#
#.# ... +....# #.#
##.##....## ####.##
#.##...#.....######..#.##
#......5@................
#....##%......#.######..#
.. ###...##### #.##
......# #..# ####### #.##
##.# #..# ####


You could see a friendly ufetubus.

Vanquished Creatures
  Pikel (D:8)
  Joseph (D:8)
  A black mamba (Lair:1)
  A spiny frog (D:8)
  A two-headed ogre (D:8)
  A spriggan (D:8)
  Eustachio (D:8)
  Grum (D:8)
  2 hippogriffs
  3 wolves (D:7)
  5 porcupines
  2 necrophages
  A water moccasin (Lair:1)
  2 orc warriors
  Purgy (D:3)
  A black bear (D:8)
  3 sky beasts
  4 ogres
  4 centaurs
  Sigmund (D:4)
  A crocodile (Lair:1)
  4 giant frogs
  3 scorpions
  7 wights
  2 killer bees (D:8)
  2 crimson imps
  2 goliath beetles (D:8)
  5 hounds
  A quasit (D:7)
  A gnoll shaman (D:4)
  Crazy Yiuf (D:3)
  5 orc priests
  5 orc wizards
  A centaur skeleton (D:6)
  7 iguanas
  4 worker ants
  Ijyb (D:5)
  7 gnolls
  A green rat (D:8)
  15 adders
  A shadow imp (D:8)
  12 white imps (Lair:1)
  2 worms
  An adder zombie (D:5)
  2 adder skeletons
  2 giant eyeballs
  27 orcs
  9 bats
  2 giant cockroaches
  10 hobgoblins
  13 kobolds
  An ooze (D:3)
  7 quokkas
  2 ball pythons (D:2)
  9 giant geckos
  4 giant newts
  A gnoll skeleton (D:4)
  13 goblins
  10 jackals
  2 kobold zombies
  An orc skeleton (D:7)
  17 rats
  A rat zombie (D:6)
261 creatures vanquished.

Vanquished Creatures (collateral kills)
  A spiny frog (Lair:1)
  A wolf (D:8)
  A sky beast (D:7)
  A wight (D:7)
  An orc priest (D:8)
  An orc wizard (D:6)
  2 gnolls (D:4)
  An adder zombie (D:8)
  3 orcs
  A giant cockroach (D:7)
  A jackal (D:5)
  A kobold (D:8)
  A rat (D:8)
16 creatures vanquished.

Vanquished Creatures (others)
  4 slaves (D:8)
  A killer bee (D:8)
  6 crimson imps
  10 quasits
  An orc wizard (D:8)
  12 iron imps
  A green rat (D:8)
  8 white imps
  12 ufetubi
  2 orcs (D:8)
  A bat (D:8)
  2 kobolds (D:8)
  2 rats (D:8)
  A bush (D:7)
63 creatures vanquished.

Grand Total: 340 creatures vanquished

Notes
Turn   | Place    | Note
--------------------------------------------------------------
     0 | D:1      | Qrupt, the Demonspawn Transmuter, began the quest for the Orb.
     0 | D:1      | Reached XP level 1. HP: 15/15 MP: 3/3
   295 | D:1      | Gained mutation: A weak demonic guardian rushes to your aid. [demonic ancestry]
   295 | D:1      | Reached XP level 2. HP: 11/21 MP: 2/4
   920 | D:2      | Reached skill level 3 in Unarmed Combat
  1048 | D:2      | Reached XP level 3. HP: 19/27 MP: 4/6
  1053 | D:2      | Learned a level 3 spell: Spider Form
  1511 | D:2      | Gained mutation: You can steal the life force of nearby defeated enemies. [demonic ancestry]
  1511 | D:2      | Reached XP level 4. HP: 28/33 MP: 6/8
  2081 | D:3      | Noticed Crazy Yiuf
  2091 | D:3      | Killed Crazy Yiuf
  2091 | D:3      | Gained mutation: You have sharp toenails. [demonic ancestry]
  2091 | D:3      | Reached XP level 5. HP: 34/39 MP: 2/10
  2502 | D:3      | Noticed Purgy
  2560 | D:3      | Killed Purgy
  2560 | D:3      | Gained mutation: You are partially covered in iridescent scales (AC +4). [demonic ancestry]
  2560 | D:3      | Reached XP level 6. HP: 2/47 MP: 9/13
  3041 | D:4      | Found a sparkling altar of Nemelex Xobeh.
  3139 | D:4      | Reached skill level 4 in Unarmed Combat
  3234 | D:4      | Noticed HungrySpirit's ghost (average MiGl)
  3396 | D:4      | Noticed Sigmund
  3739 | D:4      | Reached skill level 1 in Poison Magic
  4002 | D:4      | Killed Sigmund
  4002 | D:4      | Reached XP level 7. HP: 37/52 MP: 9/15
  4071 | D:5      | Entered Level 5 of the Dungeon
  4088 | D:5      | Found Pnaixuaj's Armour Emporium.
  4092 | D:5      | Bought a +0 pair of boots for 49 gold pieces
  4092 | D:5      | Bought a +0 pair of gloves for 49 gold pieces
  4161 | D:5      | Noticed Ijyb
  4213 | D:5      | Killed Ijyb
  4424 | D:5      | Found a shimmering altar of Xom.
  4464 | D:5      | Found a staircase to the Ecumenical Temple.
  4536 | Temple   | Entered the Ecumenical Temple
  4618 | Temple   | Became a worshipper of Ashenzari the Shackled
  5356 | D:6      | Paralysed by a giant eyeball for 2 turns
  5375 | D:6      | Reached skill level 5 in Unarmed Combat
  5375 | D:6      | Reached XP level 8. HP: 47/61 MP: 18/18
  5520 | D:6      | Learned a level 4 spell: Ice Form
  5526 | D:6      | Learned a level 5 spell: Blade Hands
  5927 | D:6      | Found Cronlau's Book Emporium.
  6117 | D:7      | Reached skill level 5 in Fighting
  6412 | D:7      | Got the cursed leather armour of the Forest {rF+}
  6457 | D:7      | Identified the cursed +0 leather armour of the Forest {rF+} (You found it on level 7 of the Dungeon)
  6663 | D:7      | Reached skill level 5 in Spellcasting
  6707 | D:7      | Found a blossoming altar of Fedhas.
  6739 | D:7      | Reached skill level 5 in Transmutations
  6815 | D:7      | Gained mutation: You are mostly covered in iridescent scales (AC +6). [demonic ancestry]
  6815 | D:7      | Reached XP level 9. HP: 4/68 MP: 19/21
  7284 | D:7      | Found a glowing golden altar of the Shining One.
  7623 | D:8      | Reached skill level 6 in Fighting
  7742 | D:8      | Noticed a spiny frog
  7758 | D:8      | HP: 1/69 [poisoned by a spiny frog]
  8169 | D:8      | Noticed Pikel
  8201 | D:8      | Killed Pikel
  8201 | D:8      | Reached skill level 5 in Poison Magic
  8246 | D:8      | Noticed Grum
  8776 | D:8      | Gained mutation: You have razor-sharp toenails. [demonic ancestry]
  8776 | D:8      | Reached XP level 10. HP: 63/77 MP: 20/24
  8795 | D:8      | Reached skill level 7 in Fighting
  9188 | D:8      | Noticed Joseph
  9189 | D:8      | Noticed Eustachio
  9230 | D:8      | Killed Eustachio
  9474 | D:8      | Killed a spiny frog
  9743 | D:8      | Found a staircase to the Lair.
 10126 | D:8      | Killed Joseph
 10295 | D:8      | Found Frosa's Book Emporium.
 10382 | D:8      | Paralysed by a giant eyeball for 4 turns
 10524 | D:8      | Killed Grum
 11043 | Lair:1   | Entered Level 1 of the Lair of Beasts
 11075 | Lair:1   | Found a frozen archway.
 11099 | Lair:1   | Reached skill level 1 in Ice Magic
 11538 | Lair:1   | HP: 3/79 [poisoned by a spiny frog]
 11544 | Lair:1   | HP: 2/79 [poisoned by a spiny frog]
 11552 | Lair:1   | HP: 2/79 [poisoned by a spiny frog]
 12796 | Lair:1   | Noticed a black mamba
 12905 | Lair:1   | Killed a black mamba
 12907 | Lair:1   | HP: 2/79 [poisoned by a black mamba]
 12908 | Lair:1   | Succumbed to a black mamba's poison

Action                   |  1- 3 |  4- 6 |  7- 9 | 10-12 || total
-------------------------+-------+-------+-------+-------++-------
Melee: Unarmed           |   131 |   242 |   557 |   366 ||  1296
 Cast: Beastly Appendage |    25 |    21 |    34 |    10 ||    90
       Spider Form       |       |     7 |    19 |    23 ||    49
Evoke: Wand              |       |       |     4 |     1 ||     5
  Use: Scroll            |       |     6 |     7 |     1 ||    14
       Potion            |       |       |     3 |     6 ||     9
 Stab: Sleeping          |       |     4 |     2 |       ||     6
       Distracted        |       |       |     3 |     1 ||     4
       Invisible         |       |       |       |     7 ||     7
